 Dungeon Sprint DCSS version 0.15.2 (webtiles) character file.

1767 leos9 the Nimble (level 8, -3/92 HPs)
             Began as a Troll Berserker on May 2, 2016.
             Was an Elder of Trog.
             Slain by a demonic crawler (8 damage)
             ... in the Dungeon (Sprint I: "Red Sonja").
             The game lasted 00:10:08 (489 turns).

leos9 the Nimble (Troll Berserker)                   Turns: 489, Time: 00:10:08

HP  -3/92        AC  6     Str 27      XL: 8   Next: 80%
MP   3/3         EV 13     Int  4      God: Trog [****..]
Gold 379         SH  0     Dex  9      Spells:  0 memorised,  7 levels left

rFire  . . .     SeeInvis .       - Unarmed
rCold  . . .     Clarity  .     i - +1 robe {MR+}
rNeg   . . .     rCorr    .     (shield restricted)
rPois  .         rRot     .     (helmet restricted)
rElec  .         Spirit   .     (no cloak)
SustAb .         Warding  .     (gloves unavailable)
rMut   .         NoTele   +     (boots unavailable)
Gourm  +                        (no amulet)
MR     +++..                    (no ring)
                                (no ring)

@: exhausted, regenerating, slowed, very slow, extremely resistant to hostile
enchantments, very unstealthy
A: unfitting armour, claws 3, fast metabolism 3, gourmand, regeneration 2,
saprovore 2, shaggy fur 1, tough skin 2
a: Burn Spellbooks, Berserk, Trog's Hand, Brothers in Arms, Renounce Religion


You were in the Dungeon.
You worshipped Trog.
Trog was greatly pleased with you.
You were very hungry.

You visited 1 branch You collected 405 gold pieces.
You spent 26 gold pieces at shops.

Inventory:

Armour
 i - a +1 robe of magic resistance (worn)
Comestibles
 a - 2 meat rations
 k - a slice of pizza
Scrolls
 b - a scroll of identify
 j - a scroll of amnesia {unknown}
Potions
 c - a potion of curing
 d - a potion of heal wounds
 f - 2 potions of magic
 g - a potion of berserk rage


   Skills:
 + Level 9.3 Fighting
 + Level 11.3 Dodging
 + Level 0.3 Stealth
 + Level 10.7 Unarmed Combat


You had 7 spell levels left.
You didn't know any spells.

Dungeon Overview and Level Annotations

Branches:
Dungeon (1/1)

Altars:
Cheibriados
Dithmenos
Elyvilon
Fedhas
Kikubaaqudgha
Makhleb
Nemelex Xobeh
Okawaru
Qazlal
Sif Muna
Trog
Vehumet
Xom
Yredelemnul
Zin
The Shining One
Jiyva

Shops:
D ?


Innate Abilities, Weirdness & Mutations

You are too large for most types of armour.
You have claws for hands.
Your metabolism is lightning-fast.
You like to eat raw meat.
You heal very quickly.
You can eat rotten meat.
You are covered in fur (AC +1).
You have very tough skin (AC +2).


Message History

The demonic crawler hits you.
* * * LOW HITPOINT WARNING * * *
The demonic crawler hits you.
* * * LOW HITPOINT WARNING * * *
The demonic crawler barely misses you.
The demonic crawler hits you but does no damage. x2
You claw the demonic crawler!
The demonic crawler is almost dead.
The demonic crawler hits you.
* * * LOW HITPOINT WARNING * * *
The demonic crawler hits you!
* * * LOW HITPOINT WARNING * * *
The demonic crawler hits you.
* * * LOW HITPOINT WARNING * * *
You barely miss the demonic crawler.
The demonic crawler is almost dead.
The demonic crawler misses you.
The demonic crawler hits you but does no damage.
The demonic crawler hits you!
You die...

##################
.#..'..#__#..'...#
.').#..'^.'..#...##+#
'#####'#__####..@s..#
.#...#(#### #####..+
##..##.# ## _##'#..+
..'.[._# _##_.#'#
_###+#.# ## ###


You could see a demonic crawler.

Vanquished Creatures
  3 demonic crawlers (D)
  2 kobold demonologists (D)
  A slime creature (D)
  A yak (D)
  An ogre (D)
  Sigmund (D)
  2 iron imps (D)
  A jelly (D)
  Ijyb (D)
13 creatures vanquished.

Vanquished Creatures (others)
  A gargoyle (D)
1 creature vanquished.

Grand Total: 14 creatures vanquished

Notes
Turn   | Place    | Note
--------------------------------------------------------------
     0 | D        | leos9, the Troll Berserker, began the quest for the Orb.
     0 | D        | Reached XP level 1. HP: 22/22 MP: 1/1
     2 | D        | Noticed Ijyb
     8 | D        | Killed Ijyb
     8 | D        | Reached skill level 4 in Unarmed Combat
     8 | D        | Reached XP level 2. HP: 28/31 MP: 1/1
    12 | D        | Noticed an ogre
    15 | D        | Killed an ogre
    15 | D        | Reached skill level 5 in Dodging
    15 | D        | Reached skill level 5 in Unarmed Combat
    15 | D        | Reached XP level 3. HP: 40/40 MP: 2/2
    15 | D        | Reached XP level 4. HP: 49/49 MP: 2/2
    42 | D        | Killed a gargoyle
    46 | D        | Noticed Sigmund
    50 | D        | Killed Sigmund
    50 | D        | Acquired Trog's second power
    50 | D        | Reached skill level 5 in Fighting
    50 | D        | Reached skill level 6 in Dodging
    50 | D        | Reached XP level 5. HP: 52/57 MP: 2/2
    81 | D        | Found a snail-covered altar of Cheibriados.
    81 | D        | Found a viscous altar of Jiyva.
    81 | D        | Found a shadowy altar of Dithmenos.
    81 | D        | Found a blossoming altar of Fedhas.
    81 | D        | Noticed a slime creature
    91 | D        | Killed a slime creature
    91 | D        | Reached skill level 7 in Dodging
    91 | D        | Reached XP level 6. HP: 15/68 MP: 3/3
   186 | D        | Found a deep blue altar of Sif Muna.
   187 | D        | Noticed a jelly
   188 | D        | Found a radiant altar of Vehumet.
   192 | D        | Killed a jelly
   192 | D        | Reached skill level 8 in Unarmed Combat
   224 | D        | Found Chedeut's Magic Scroll Emporium.
   224 | D        | Found a white marble altar of Elyvilon.
   224 | D        | Found a stormy altar of Qazlal.
   224 | D        | Found a burning altar of Makhleb.
   224 | D        | Found a basalt altar of Yredelemnul.
   224 | D        | Found a glowing golden altar of the Shining One.
   224 | D        | Found a sparkling altar of Nemelex Xobeh.
   224 | D        | Found a shimmering altar of Xom.
   224 | D        | Found an ancient bone altar of Kikubaaqudgha.
   224 | D        | Found a glowing silver altar of Zin.
   224 | D        | Noticed a yak
   227 | D        | Killed a yak
   227 | D        | Reached XP level 7. HP: 67/78 MP: 3/3
   228 | D        | Found an iron altar of Okawaru.
   229 | D        | Found a bloodstained altar of Trog.
   235 | D        | Bought a scroll of identify for 26 gold pieces
   258 | D        | Noticed a kobold demonologist
   259 | D        | Noticed a kobold demonologist
   271 | D        | Noticed an orange demon
   279 | D        | Noticed a smoke demon
   281 | D        | Noticed a red devil
   282 | D        | Noticed a red devil
   295 | D        | Noticed an orange demon
   297 | D        | Noticed a sixfirhy
   298 | D        | Killed a kobold demonologist
   298 | D        | Reached skill level 9 in Dodging
   299 | D        | Noticed a blue devil
   300 | D        | Noticed a ynoxinul
   308 | D        | Killed a kobold demonologist
   308 | D        | Reached skill level 10 in Dodging
   308 | D        | Reached XP level 8. HP: 14/89 MP: 3/3
   466 | D        | Noticed a demonic crawler
   466 | D        | Noticed a demonic crawler
   466 | D        | Noticed a demonic crawler
   466 | D        | Noticed a demonic crawler
   471 | D        | Killed a demonic crawler
   471 | D        | Reached skill level 10 in Unarmed Combat
   478 | D        | Killed a demonic crawler
   478 | D        | Acquired Trog's third power
   478 | D        | Reached skill level 11 in Dodging
   485 | D        | Killed a demonic crawler
   488 | D        | HP: 3/92 [demonic crawler (4)]
   489 | D        | Slain by a demonic crawler

Action                   |  1- 3 |  4- 6 |  7- 9 || total
-------------------------+-------+-------+-------++-------
Melee: Unarmed           |     7 |    17 |    45 ||    69
Invok: Berserk           |     1 |       |     2 ||     3
       Trog's Hand       |       |     4 |     2 ||     6
  Use: Scroll            |       |       |     1 ||     1
       Potion            |       |       |     1 ||     1
  Eat: Chunk             |       |     4 |       ||     4
